 Dungeon Crawl Stone Soup version 0.23-a0-54-gae6112e (webtiles) character file.

9580 galech the Cruncher (level 11, -1/124 HPs)
             Began as a Gnoll Wanderer on Aug 8, 2018.
             Was an Elder of Okawaru.
             Slain by an orc warrior
             ... wielding a +0 hand axe
              (3 damage)
             ... on level 1 of the Orcish Mines.
             The game lasted 00:23:58 (14595 turns).

galech the Cruncher (Gnoll Wanderer)               Turns: 14595, Time: 00:23:58

Health: -1/124     AC: 25    Str: 18    XL:     11   Next: 48%
Magic:  22/23      EV: 12    Int: 17    God:    Okawaru [****..]
Gold:   1107       SH:  0    Dex: 17    Spells: 26/26 levels left

rFire    . . .     SeeInvis .   L - +1 quarterstaff (speed)
rCold    . . .     Gourm    .   (shield currently unavailable)
rNeg     . . .     Faith    .   K - +0 plate armour
rPois    +         Spirit   .   r - +0 helmet
rElec    .         Reflect  .   h - +0 cloak
rCorr    .         Harm     .   o - +0 pair of gloves
MR       .....                  T - +0 pair of boots
Stlth    ..........             I - amulet of rage
HPRegen  0.30/turn              O - ring of poison resistance
MPRegen  0.18/turn              A - +4 ring of protection

@: berserking, heroism, very quick
A: distributed training, fangs 1, strong nose
a: Heroism, Renounce Religion, Evoke Berserk Rage


You were on level 1 of the Orcish Mines.
You worshipped Okawaru.
Okawaru was greatly pleased with you.
You were hungry.

You visited 3 branches of the dungeon, and saw 13 of its levels.
You also visited: Sewer and Ossuary.

You collected 1107 gold pieces.

Inventory:

Hand Weapons
 b - the +6 hunting sling "Ijusoq" {flame, MR- Str+8 SInv Stlth-}
   (You found it on level 7 of the Dungeon)

   It causes projectiles fired from it to burn those they strike, causing extra
   injury to most foes and up to half again as much damage against particularly
   susceptible opponents.
   It affects your strength (+8).
   It affects your resistance to hostile enchantments.
   It lets you see invisible.
   It makes you less stealthy.
 L - a +1 quarterstaff of speed (weapon)
Missiles
 j - 45 sling bullets
Armour
 h - a +0 cloak (worn)
 o - a +0 pair of gloves (worn)
 p - a +0 leather armour of fire resistance
 r - a +0 helmet (worn)
 K - a +0 plate armour (worn)
 M - a +0 buckler
 T - a +0 pair of boots (worn)
Magical Staves
 z - an uncursed staff of wizardry
Jewellery
 k - an uncursed ring of protection from magic
 l - an uncursed ring of protection from magic
 q - an uncursed ring of fire
 u - an uncursed amulet of magic regeneration
 A - a +4 ring of protection (right hand)
 I - an amulet of rage (around neck)
 O - a ring of poison resistance (left hand)
 V - a +5 ring of strength
 W - an uncursed ring of resist corrosion {unknown}
Wands
 J - a wand of paralysis (11)
 R - a wand of acid (20)
 S - a wand of enslavement (17)
 U - a wand of polymorph (11)
Scrolls
 a - 2 scrolls of fog
 g - 7 scrolls of teleportation
 m - a scroll of blinking
 n - 5 scrolls of remove curse
 y - 3 scrolls of enchant armour
 B - 2 scrolls of immolation
 C - 5 scrolls of enchant weapon
 F - a scroll of identify
 H - a scroll of fear
Potions
 c - a potion of lignification
 d - a potion of ambrosia
 e - 4 potions of degeneration {unknown}
 i - 3 potions of haste
 s - a potion of magic {unknown}
 t - a potion of berserk rage {unknown}
 v - 8 potions of heal wounds {unknown}
 w - 2 potions of flight {unknown}
 x - 3 potions of brilliance {unknown}
 D - 2 potions of invisibility {unknown}
 E - 2 potions of agility {unknown}
 G - a potion of mutation {unknown}
 N - 3 potions of curing
 P - a potion of might
Comestibles
 f - 25 rations


   Skills:
 + Level 6.8(11.8) Fighting
 + Level 6.2(11.2) Short Blades
 + Level 6.2(11.2) Long Blades
 + Level 6.2(11.2) Axes
 + Level 6.2(11.2) Maces & Flails
 + Level 6.2(11.2) Polearms
 + Level 9.1(14.1) Staves
 + Level 6.2(11.2) Slings
 + Level 6.2(11.2) Bows
 + Level 6.2(11.2) Crossbows
 + Level 6.2(11.2) Throwing
 + Level 6.2(11.2) Armour
 + Level 6.8(11.8) Dodging
 + Level 6.2(11.2) Stealth
 + Level 6.2(11.2) Shields
 + Level 6.2(11.2) Unarmed Combat
 + Level 8.1 Spellcasting
 + Level 5.1 Conjurations
 + Level 5.1 Hexes
 + Level 5.1 Charms
 + Level 5.1 Summonings
 + Level 5.1 Necromancy
 + Level 5.1 Translocations
 + Level 5.1 Transmutations
 + Level 5.1 Fire Magic
 + Level 5.1 Ice Magic
 + Level 5.6 Air Magic
 + Level 5.1 Earth Magic
 + Level 5.1 Poison Magic
 + Level 6.8 Invocations
 + Level 7.8 Evocations


You had 26 spell levels left.
You didn't know any spells.
Your spell library contained the following spells:

 Spells                   Type           Power        Failure   Level  Hunger
 Magic Dart               Conj           ###.         24%         1    None
 Conjure Flame            Conj/Fire      ###.....     58%         3    #......
 Slow                     Hex            ###.....     36%         2    None
 Confuse                  Hex            ###.....     58%         3    #......
 Mephitic Cloud           Conj/Pois/Air  ####....     56%         3    #......
 Blink                    Tloc           N/A          36%         2    None
 Call Imp                 Summ           ###.....     36%         2    None
 Tukima's Dance           Hex            ###.....     58%         3    #......
 Ensorcelled Hibernation  Hex/Ice        ###...       36%         2    None
 Corona                   Hex            ###....      24%         1    None
 Dazzling Spray           Conj/Hex       ###...       58%         3    #......


Dungeon Overview and Level Annotations

Branches:
Dungeon (11/15)            Temple (1/1) D:6            Lair (0/6) D:9
    Orc (1/2) D:11

Altars:
Ashenzari
Cheibriados
Dithmenos
Elyvilon
Fedhas
Gozag
Hepliaklqana
Kikubaaqudgha
Makhleb
Nemelex Xobeh
Okawaru
Qazlal
Ru
Sif Muna
Uskayaw
Vehumet
Xom
Yredelemnul
Zin
The Shining One


Innate Abilities, Weirdness & Mutations

Your experience applies equally to all skills.
You have very sharp teeth.
Your uncanny sense of smell can sniff out nearby items.


Message History

The orc warrior is moderately wounded.
The orc warrior hits you with a mace.
* * * LOW HITPOINT WARNING * * *
You hit the orc warrior.
The orc warrior is heavily wounded.
You sock the orc warrior!
You kill the orc warrior!
Okawaru accepts your kill.
The orc warrior hits you with a hand axe.
* * * LOW HITPOINT WARNING * * *
You sock the orc priest!
The orc priest is severely wounded.
You sock the orc priest!
You kill the orc priest!
Okawaru accepts your kill.
You hit the orc warrior but do no damage.
You hit the orc warrior. You bite the orc warrior.
The orc warrior is moderately wounded.
The orc warrior hits you with a hand axe.
You die...

#...##.................
.#.##..................#
.##.#...................
##.......#.......#.....#
# ......................
#......................
##.................)(..
###............).(..(.
#......#...>@).(..((
#...#.......o$.(...(
#....#...........((.
∆.....#.....#.......(.
...#.............$..$
.##..................
##............##.#$
##.............##
###.##........


You could see an orc warrior.

Vanquished Creatures
  A two-headed ogre (D:11)
  Nergalle (D:11)
  Joseph (D:7)
  4 trolls
  2 hippogriffs
  A spriggan (D:7)
  Sigmund (D:2)
  A wyvern (D:10)
  A warg (Orc:1)
  A water moccasin (D:10)
  2 hell hounds (D:9)
  An eye of draining (D:9)
  9 orc warriors
  2 ice beasts
  A sky beast (D:4)
  A necrophage (D:7)
  A phantom (D:9)
  7 ogres
  2 centaurs
  A crocodile (Sewer)
  6 bullfrogs
  A wyvern skeleton (D:6)
  2 scorpions
  6 killer bees (D:11)
  5 jellies
  6 crimson imps
  A howler monkey (D:4)
  A quasit (D:8)
  2 centaur zombies
  A bullfrog zombie (D:6)
  6 hounds
  17 orc priests
  3 centaur skeletons
  Terence (D:3)
  3 iguanas
  12 orc wizards
  13 worker ants
  A killer bee zombie (D:10)
  6 big kobold zombies (Ossuary)
  2 hound skeletons
  A mummy (Ossuary)
  Robin (D:2)
  3 gnolls
  3 howler monkey skeletons (D:11)
  15 adders
  An ooze (D:4)
  3 worms
  4 dart slugs
  4 leopard geckos
  77 orcs
  A spectral bat (Ossuary)
  4 bats
  11 giant cockroaches
  6 gnoll zombies (Ossuary)
  18 goblins
  10 hobgoblins
  9 jackals
  8 quokkas
  5 ball pythons
  3 bat simulacra (Ossuary)
  3 frilled lizards
  4 goblin simulacra (Ossuary)
  5 goblin zombies
  9 hobgoblin zombies (Ossuary)
  A jackal skeleton (D:6)
  15 kobolds
  3 kobold simulacra (Ossuary)
  3 kobold zombies (Ossuary)
  2 orc zombies
  2 quokka skeletons (D:7)
  6 rats
  3 rat simulacra (Ossuary)
  3 spectral goblins (Ossuary)
  A spectral kobold (Ossuary)
  5 spectral rats (Ossuary)
388 creatures vanquished.

Vanquished Creatures (others)
  A quokka (D:2)
  An orc zombie (Ossuary)
2 creatures vanquished.

Grand Total: 390 creatures vanquished

Notes
Turn   | Place    | Note
-------+----------+-------------------------------------------
     0 | D:1      | galech the Gnoll Wanderer began the quest for the Orb.
     0 | D:1      | galech set off with: a +0 quarterstaff, a potion of lignification, a +0 robe, a ration
     0 | D:1      | Reached XP level 1. HP: 17/17 MP: 6/6
    46 | D:1      | Reached XP level 2. HP: 15/23 MP: 7/7
   656 | D:1      | Reached XP level 3. HP: 28/28 MP: 9/9
   699 | D:2      | Noticed Robin
   702 | D:2      | Reached skill level 5 in Spellcasting
   705 | D:2      | Noticed Sigmund
  1173 | D:1      | Reached skill level 1 in Invocations
  1605 | D:2      | Found a white marble altar of Elyvilon.
  1708 | D:2      | Killed Robin
  1708 | D:2      | Reached skill level 1 in Short Blades
  1708 | D:2      | Reached skill level 1 in Long Blades
  1708 | D:2      | Reached skill level 1 in Axes
  1708 | D:2      | Reached skill level 1 in Maces & Flails
  1708 | D:2      | Reached skill level 1 in Polearms
  1708 | D:2      | Reached skill level 1 in Slings
  1708 | D:2      | Reached skill level 1 in Bows
  1708 | D:2      | Reached skill level 1 in Crossbows
  1708 | D:2      | Reached skill level 1 in Throwing
  1708 | D:2      | Reached skill level 1 in Armour
  1708 | D:2      | Reached skill level 1 in Stealth
  1708 | D:2      | Reached skill level 1 in Shields
  1708 | D:2      | Reached skill level 1 in Unarmed Combat
  1708 | D:2      | Reached XP level 4. HP: 19/34 MP: 11/11
  1885 | D:2      | Found an opulent altar of Gozag.
  1886 | D:2      | Found an opulent altar of Gozag.
  1974 | D:2      | Killed Sigmund
  1974 | D:2      | Reached skill level 1 in Conjurations
  1974 | D:2      | Reached skill level 1 in Hexes
  1974 | D:2      | Reached skill level 1 in Charms
  1974 | D:2      | Reached skill level 1 in Summonings
  1974 | D:2      | Reached skill level 1 in Necromancy
  1974 | D:2      | Reached skill level 1 in Translocations
  1974 | D:2      | Reached skill level 1 in Transmutations
  1974 | D:2      | Reached skill level 1 in Fire Magic
  1974 | D:2      | Reached skill level 1 in Ice Magic
  1974 | D:2      | Reached skill level 1 in Earth Magic
  1974 | D:2      | Reached skill level 1 in Poison Magic
  1974 | D:2      | Reached XP level 5. HP: 17/41 MP: 12/12
  2193 | D:2      | Reached XP level 6. HP: 46/47 MP: 13/13
  2217 | D:2      | Found a shimmering altar of Xom.
  2480 | D:3      | Noticed Terence
  2494 | D:3      | Killed Terence
  2846 | D:2      | Reached skill level 5 in Evocations
  3919 | D:3      | Reached XP level 7. HP: 34/52 MP: 15/15
  4271 | D:4      | Reached skill level 7 in Staves
  4607 | D:4      | Found a glowing drain.
  4670 | Sewer    | Entered a sewer
  4889 | Sewer    | Reached XP level 8. HP: 19/60 MP: 16/16
  5313 | D:4      | Found a glowing silver altar of Zin.
  5330 | D:4      | Found a sacrificial altar of Ru.
  5491 | D:4      | Found a snail-covered altar of Cheibriados.
  5738 | D:4      | Found a glowing golden altar of the Shining One.
  5777 | D:5      | Entered Level 5 of the Dungeon
  6236 | D:5      | Found a deep blue altar of Sif Muna.
  6454 | D:6      | Found a sand-covered staircase.
  6558 | Ossuary  | Entered an ossuary
  7412 | D:6      | Found a sacrificial altar of Ru.
  7787 | D:6      | Reached XP level 9. HP: 19/66 MP: 18/18
  8534 | D:6      | Found a staircase to the Ecumenical Temple.
  8543 | Temple   | Entered the Ecumenical Temple
  8553 | Temple   | Became a worshipper of Warmaster Okawaru
  8668 | D:7      | Noticed Joseph
  8683 | D:7      | Killed Joseph
  8683 | D:7      | Reached * piety under Okawaru
  8890 | D:7      | Got a bloodstained hunting sling
  8891 | D:7      | Identified the +6 hunting sling "Ijusoq" {flame, MR- Str+8 SInv Stlth-} (You found it on level 7 of the Dungeon)
  8970 | D:7      | Reached skill level 5 in Fighting
  8970 | D:7      | Reached skill level 5 in Dodging
  9228 | D:7      | Reached skill level 8 in Staves
  9232 | D:7      | Reached ** piety under Okawaru
  9468 | D:8      | Reached skill level 5 in Invocations
  9902 | D:8      | Reached XP level 10. HP: 74/74 MP: 20/20
 10490 | D:9      | Found a staircase to the Lair.
 10742 | D:9      | Reached skill level 5 in Short Blades
 10742 | D:9      | Reached skill level 5 in Long Blades
 10742 | D:9      | Reached skill level 5 in Axes
 10742 | D:9      | Reached skill level 5 in Maces & Flails
 10742 | D:9      | Reached skill level 5 in Polearms
 10742 | D:9      | Reached skill level 5 in Slings
 10742 | D:9      | Reached skill level 5 in Bows
 10742 | D:9      | Reached skill level 5 in Crossbows
 10742 | D:9      | Reached skill level 5 in Throwing
 10742 | D:9      | Reached skill level 5 in Armour
 10742 | D:9      | Reached skill level 5 in Stealth
 10742 | D:9      | Reached skill level 5 in Shields
 10742 | D:9      | Reached skill level 5 in Unarmed Combat
 10750 | D:9      | Reached *** piety under Okawaru
 11007 | D:9      | Found an ancient bone altar of Kikubaaqudgha.
 11033 | D:9      | Received a gift from Okawaru
 11220 | D:9      | HP: 3/76 [troll (2)]
 11622 | D:10     | Entered Level 10 of the Dungeon
 11931 | D:10     | Reached skill level 5 in Air Magic
 12708 | D:11     | Noticed Nergalle
 13124 | D:11     | Killed Nergalle
 13124 | D:11     | Reached XP level 11. HP: 66/83 MP: 20/22
 13216 | D:11     | Reached **** piety under Okawaru
 13216 | D:11     | Received a gift from Okawaru
 13253 | D:11     | Found a staircase to the Orcish Mines.
 13567 | D:11     | Noticed a two-headed ogre
 13579 | D:11     | Killed a two-headed ogre
 13579 | D:11     | Reached skill level 9 in Staves
 13579 | D:11     | Reached skill level 5 in Conjurations
 13579 | D:11     | Reached skill level 5 in Hexes
 13579 | D:11     | Reached skill level 5 in Charms
 13579 | D:11     | Reached skill level 5 in Summonings
 13579 | D:11     | Reached skill level 5 in Necromancy
 13579 | D:11     | Reached skill level 5 in Translocations
 13579 | D:11     | Reached skill level 5 in Transmutations
 13579 | D:11     | Reached skill level 5 in Fire Magic
 13579 | D:11     | Reached skill level 5 in Ice Magic
 13579 | D:11     | Reached skill level 5 in Earth Magic
 13579 | D:11     | Reached skill level 5 in Poison Magic
 13845 | Orc:1    | Entered Level 1 of the Orcish Mines
 14589 | Orc:1    | HP: 6/124 [orc warrior/mace (4)]
 14591 | Orc:1    | HP: 1/124 [orc warrior/hand axe (5)]
 14595 | Orc:1    | Slain by an orc warrior

Vault maps used:
D:1:      dpeg_arrival_tiny_d
D:2:      overflow_temple_1_default, elyvilon_altar_4, tgw_xom, first_ration,
          grunt_gozag_statues, uniq_sigmund, uniq_robin
D:3:      uniq_terence
D:4:      zin_treasury, amethyst_overflow_temple_binary, gup_sewer_entry_glass,
          nicolae_ru_great_annihilating_truth
D:5:      led_sif_book
D:6:      lemuel_crystal_altar, lemuel_temple_firewalk_b, enter_ossuary_3
D:7:      the_bakery, nicolae_underground_beach, uniq_joseph
D:9:      kiku_gazebo_pond_becter, minmay_lair_entry_lava
D:11:     david_orc_2, kennysheep_decorative_pillar, uniq_harold, uniq_nergalle
Temple:   eino_temple_lava
Sewer:    sewer_the_crocodile
Ossuary:  ossuary_zaba_two_paths

Skill      XL: |  1  2  3  4  5  6  7  8  9 10 11 |
---------------+----------------------------------+-----
Air Magic      | 2 3 4 5 |  5.6
Spellcasting   | 5 6 7 8 |  8.1
Invocations    | 1 2 3 4 5 6 |  6.8
Short Blades   | 1 2 3 4 5 6 |  6.2
Long Blades    | 1 2 3 4 5 6 |  6.2
Axes           | 1 2 3 4 5 6 |  6.2
Maces & Flails | 1 2 3 4 5 6 |  6.2
Polearms       | 1 2 3 4 5 6 |  6.2
Slings         | 1 2 3 4 5 6 |  6.2
Bows           | 1 2 3 4 5 6 |  6.2
Crossbows      | 1 2 3 4 5 6 |  6.2
Throwing       | 1 2 3 4 5 6 |  6.2
Armour         | 1 2 3 4 5 6 |  6.2
Stealth        | 1 2 3 4 5 6 |  6.2
Shields        | 1 2 3 4 5 6 |  6.2
Unarmed Combat | 1 2 3 4 5 6 |  6.2
Fighting       | 3 4 5 6 |  6.8
Dodging        | 3 4 5 6 |  6.8
Conjurations   | 1 2 3 4 5 |  5.1
Hexes          | 1 2 3 4 5 |  5.1
Charms         | 1 2 3 4 5 |  5.1
Summonings     | 1 2 3 4 5 |  5.1
Necromancy     | 1 2 3 4 5 |  5.1
Translocations | 1 2 3 4 5 |  5.1
Transmutations | 1 2 3 4 5 |  5.1
Fire Magic     | 1 2 3 4 5 |  5.1
Ice Magic      | 1 2 3 4 5 |  5.1
Earth Magic    | 1 2 3 4 5 |  5.1
Poison Magic   | 1 2 3 4 5 |  5.1
Evocations     | 5 6 7 |  7.8
Staves         | 7 8 9 |  9.1

Action                   |  1- 3 |  4- 6 |  7- 9 | 10-12 || total
-------------------------+-------+-------+-------+-------++-------
Melee: Quarterstaff      |   126 |   191 |   815 |   458 ||  1590
       Bite              |    10 |    19 |    97 |    65 ||   191
 Fire: Hunting sling     |       |       |       |   166 ||   166
Invok: Heroism           |       |       |       |    11 ||    11
 Abil: Evoke Berserk Rag |       |       |     1 |     4 ||     5
  Use: Scroll            |       |       |     5 |     7 ||    12
       Potion            |       |       |     1 |       ||     1
 Stab: Invisible         |       |       |     1 |       ||     1
       Paralysed         |       |       |     1 |       ||     1
  Eat: Chunk             |     3 |     5 |    19 |    18 ||    45
       Ration            |       |       |     1 |       ||     1
Armor: Robe              |    19 |       |       |       ||    19
       Ring mail         |     7 |    24 |       |       ||    31
       Scale mail        |       |    74 |   126 |       ||   200
       Chain mail        |       |       |   163 |       ||   163
       Plate armour      |       |       |   129 |   296 ||   425
Dodge: Dodged            |    84 |   125 |   314 |   144 ||   667

Table legend:
 A = Spawn XP
 B = Non-spawn XP
 C = Spawn XP percentage of total XP
 D = Spawn monster count
 E = Non-spawn monster count
 F = Spawn count percentage of total count
 G = Total turns spent on level
                    A         B        C        D         E        F      G
               +---------+---------+-------+---------+---------+-------+---------
         Total |       0 |   13687 |   0.0 |       0 |     386 |   0.0 | 14595
               +---------+---------+-------+---------+---------+-------+---------
           D:1 |       0 |      53 |   0.0 |       0 |      30 |   0.0 |  1327
           D:2 |       0 |     328 |   0.0 |       0 |      33 |   0.0 |  2086
           D:3 |       0 |     341 |   0.0 |       0 |      34 |   0.0 |   823
           D:4 |       0 |     576 |   0.0 |       0 |      35 |   0.0 |  1065
           D:5 |       0 |     363 |   0.0 |       0 |      13 |   0.0 |   837
           D:6 |       0 |     477 |   0.0 |       0 |      21 |   0.0 |  1370
           D:7 |       0 |    1507 |   0.0 |       0 |      19 |   0.0 |   768
           D:8 |       0 |     879 |   0.0 |       0 |      28 |   0.0 |  1128
           D:9 |       0 |    1925 |   0.0 |       0 |      21 |   0.0 |  1111
          D:10 |       0 |    1804 |   0.0 |       0 |      28 |   0.0 |  1263
          D:11 |       0 |    3937 |   0.0 |       0 |      42 |   0.0 |  1195
         Orc:1 |       0 |    1164 |   0.0 |       0 |      25 |   0.0 |   515
         Sewer |       0 |     113 |   0.0 |       0 |       6 |   0.0 |   476
       Ossuary |       0 |     220 |   0.0 |       0 |      51 |   0.0 |   613
               +---------+---------+-------+---------+---------+-------+---------
